 Dungeon Crawl Stone Soup version 0.30.1-4-g462c640d31 (webtiles) character file.

Game seed: 7402415759173535035

77084 sweetbreads the Earth Mage (level 15, -3/93 HPs)
             Began as a Gargoyle Earth Elementalist on Sept 4, 2023.
             Was an Initiate of Gozag.
             Slain by a slime creature (5 damage)
             ... on level 2 of the Lair of Beasts on Sept 5, 2023.
             The game lasted 02:37:43 (27362 turns).

sweetbreads the Earth Mage (GrEE)                  Turns: 27362, Time: 02:37:44

Health: -3/93      AC: 25    Str: 12    XL:     15   Next: 55%
Magic:  22/27      EV: 16    Int: 27    God:    Gozag
Gold:   4727       SH:  0    Dex: 16    Spells: 12/30 levels left

rFire   + + .        a - +4 quarterstaff of Charity {vamp, Fly rF+ Int+2 Dex+3}
rCold   + . .        (shield currently unavailable)
rNeg    + + .        i - +2 leather armour {rF+}
rPois   ∞            j - +0 helmet "Amezuadu" {rElec rC+ Int-2 Dex+3}
rElec   +            Q - +2 cloak {Stlth+}
rCorr   +            v - +0 pair of gloves
SInv    .            s - +1 pair of boots
Will    +....        k - amulet of Daisies {RegenMP rN+}
Stlth   +++          e - ring of wizardry
HPRegen 0.35/turn    w - ring of the Solstice {Fly rCorr Int+4}
MPRegen 0.60/turn

%: wizardry (x1)
@: gold aura, freezing walls, flying
A: sickness immunity, AC +11, big wings, negative energy resistance 1,
electricity resistance, torment resistance 1, petrification resistance
a: Renounce Religion, Potion Petition, Call Merchant, Bribe Branch


You were on level 2 of the Lair of Beasts.
You worshipped Gozag.
Gozag was most pleased with you.
You visited 5 branches of the dungeon, and saw 23 of its levels.
You also visited: Sewer, Bailey, Gauntlet and Volcano.

You collected 6312 gold pieces.
You spent 1463 gold pieces at shops.
You paid 122 gold pieces to Gozag.

Inventory:

Hand Weapons
 a - the +4 quarterstaff of Charity (weapon) {vamp, Fly rF+ Int+2 Dex+3}
   (You found it on level 6 of the Dungeon)

   Int:       It affects your intelligence (+2).
   Dex:       It affects your dexterity (+3).
   rF:        It protects you from fire.
   Fly:       It grants you flight.
 b - the +9 mace "Orb Guardian's Curse" {spect, rElec rCorr Int+3}
   (You bought it in a shop on level 7 of the Dungeon)

   Int:       It affects your intelligence (+3).
   rElec:     It insulates you from electricity.
   rCorr:     It protects you from acid and corrosion.
 c - the +11 shortbow of Decaying Cruel Justice {heavy, Int+8 Stlth-}
   (You found it in a bailey)

   Int:       It affects your intelligence (+8).
   Stlth:     It makes you less stealthy.
 d - a +5 mace of flaming
 p - the +9 mace of Emeisaich {freeze, rC++ Will+ Str-3 SInv}
   (You bought it in a shop on level 2 of the Orcish Mines)

   Str:       It affects your strength (-3).
   rC:        It greatly protects you from cold.
   SInv:      It lets you see invisible.
   Will:      It increases your willpower.
Missiles
 H - 6 atropa-tipped darts
 T - 15 poisoned darts
 U - 7 curare-tipped darts
Armour
 i - a +2 leather armour of fire resistance (worn)
 j - the +0 helmet "Amezuadu" (worn) {rElec rC+ Int-2 Dex+3}
   (You took it off Robin on level 3 of the Dungeon)

   Int:       It affects your intelligence (-2).
   Dex:       It affects your dexterity (+3).
   rC:        It protects you from cold.
   rElec:     It insulates you from electricity.
 s - a +1 pair of boots (worn)
 v - a +0 pair of gloves (worn)
 y - a +3 leather armour
 P - a +1 cloak of preservation
 Q - a +2 cloak of stealth (worn)
Jewellery
 e - a ring of wizardry (left hand)
 k - the amulet of Daisies (around neck) {RegenMP rN+}
   (You found it on level 3 of the Dungeon)

   [amulet of magic regeneration]

   It increases your rate of magic regeneration.
   rN:        It protects you from negative energy.
 t - an amulet of reflection
 w - the ring of the Solstice (right hand) {Fly rCorr Int+4}
   (You found it in a Gauntlet)

   [ring of flight]

   Int:       It affects your intelligence (+4).
   Fly:       It grants you flight.
   rCorr:     It protects you from acid and corrosion.
 E - a ring of protection from fire
 I - a ring of ice
 R - a ring of positive energy
 Y - a +6 ring of intelligence
Wands
 f - a wand of polymorph (7)
 g - a wand of roots (24)
 r - a wand of quicksilver (4)
 u - a wand of flame (14)
 D - a wand of paralysis (8)
 F - a wand of mindburst (20)
Scrolls
 l - a scroll of blinking
 q - 6 scrolls of enchant armour
 x - 7 scrolls of teleportation
 B - 4 scrolls of silence
 G - 4 scrolls of summoning
 M - 6 scrolls of brand weapon
 N - a scroll of fear
 O - 5 scrolls of fog
 V - a scroll of magic mapping
 W - 4 scrolls of poison
 X - 3 scrolls of enchant weapon
 Z - 2 scrolls of amnesia
Potions
 m - 3 potions of berserk rage
 n - 2 potions of brilliance
 o - 4 potions of curing
 z - 3 potions of ambrosia
 A - 2 potions of haste
 C - a potion of resistance
 J - 4 potions of might
 K - 2 potions of cancellation
 L - 9 potions of heal wounds
 S - a potion of magic


   Skills:
 * Level 10.6 Fighting
 - Level 4.0 Staves
 - Level 6.0 Armour
 * Level 9.0 Dodging
 - Level 4.0 Stealth
 - Level 8.0 Spellcasting
 * Level 9.0 Conjurations
 - Level 4.0 Transmutations
 * Level 10.5 Ice Magic
 + Level 18.4 Earth Magic


You had 12 spell levels left.
You knew the following spells:

 Your Spells              Type           Power      Damage    Failure   Level
a - Sandblast             Erth           100%       2d20      0%          1
b - Stone Arrow           Conj/Erth      100%       3d13      1%          3
c - Petrify               Tmut/Erth      63%        N/A       1%          4
d - Frozen Ramparts       Ice            100%       1d16      1%          3
e - Hailstorm             Conj/Ice       59%        3d13      1%          3
f - Freeze                Ice            100%       1d10      1%          1
g - Ozocubu's Armour      Ice            61%        N/A       1%          3

Your spell library contained the following spells:

 Spells                   Type           Power      Damage    Failure   Level
 Magic Dart               Conj           100%       1d8       1%          1
 Shock                    Conj/Air       100%       1d9       1%          1
 Passwall                 Tmut/Erth      52%        N/A       1%          2
 Searing Ray              Conj           100%       2d8       1%          2
 Iskenderun's Battlesphe  Conj           56%        2d11      1%          5
 Apportation              Tloc           20%        N/A       2%          1
 Necrotise                Necr           40%        1d6       2%          1
 Summon Small Mammal      Summ           40%        N/A       2%          1
 Scorch                   Fire           20%        2d6       4%          2
 Flame Wave               Conj/Fire      35%        2d10      4%          4
 Fulminant Prism          Conj/Hex       17%        3d10      4%          4
 Sticky Flame             Conj/Fire      35%        2d5       4%          4
 Inner Flame              Hex/Fire       10%        N/A       8%          3
 Portal Projectile        Hex/Tloc       20%        N/A       8%          3
 Swiftness                Air            10%        N/A       8%          3
 Tukima's Dance           Hex            10%        N/A       8%          3
 Fireball                 Conj/Fire      17%        3d9       12%         5
 Blade Hands              Tmut           16%        N/A       14%         5
 Airstrike                Air            5%         2d(1-17)  26%         4
 Ozocubu's Refrigeration  Ice            30%        4d14      28%         7
 Orb of Destruction       Conj           28%        9d9       45%         7
 Conjure Ball Lightning   Conj/Air       17%        3x3d6     50%         6
 Summon Cactus Giant      Summ           5%         N/A       98%         6
 Maxwell's Capacitive Co  Air            5%         ∞         100%        8


Dungeon Overview and Level Annotations

Branches:
Dungeon (14/15)            Temple (1/1) D:7            Lair (5/5) D:8
  Swamp (1/4) Lair:2        Snake (0/4) Lair:3        Slime (0/5) Lair:5
    Orc (2/2) D:11         Vaults (0/5) D:13          Sewer (visited)
 Bailey (visited)         Volcano (visited)         Gauntlet (visited)
    Elf: Orc:2

Altars:
Ashenzari
Cheibriados
Dithmenos
Elyvilon
Fedhas
Gozag
Hepliaklqana
Kikubaaqudgha
Makhleb
Nemelex Xobeh
Okawaru
Qazlal
Ru
Sif Muna
Trog
Uskayaw
Vehumet
Wu Jian
Xom
Yredelemnul
Zin
The Shining One
Jiyva

Shops:
D:6 :   D:7 (   D:10 *   Orc:1 (   Orc:2 :((::

Portals:
Trove: D:12 (give 7 scrolls of fear)

Annotations:
D:14 Roxanne
Lair:2 ShellytheWitch's ghost, journeyman MiBe
Lair:4 3 runed translucent doors, Bananafolds's ghost, journeyman MfSk
Orc:1 Anwafrug's ghost, journeyman MiBe


Innate Abilities, Weirdness & Mutations

You are immune to sickness and miasma.
Your stone body is resilient. (AC +11)
You are immune to poison.
Your large and strong wings let you fly.
You resist negative energy. (rN+)
You are resistant to electric shocks. (rElec)
You are resistant to unholy torment.
You are immune to petrification.


Message History

The wall freezes ShellytheWitch's ghost but does no damage.
ShellytheWitch's ghost misses you.
The wall freezes the jelly!
Casting: Sandblast (safe; 0% risk of failure)
Confirm with . or Enter, or press ? or * to list all spells.
Aiming: Sandblast (safe; 0% risk of failure)
Press: ? - help, Shift-Dir - straight line, f/p - large slime creature
Aim: a large slime creature (moderately wounded, 97% to hit)
The blast of sand hits the large slime creature!!
The large slime creature is heavily wounded.
The frozen ramparts melt away.
ShellytheWitch's ghost hits you!! ShellytheWitch's ghost hits you!
A large slime creature splits.
The jelly is distracted by your dazzling golden aura.
The jelly quivers.
Unknown command.
Casting: Sandblast (safe; 0% risk of failure)
Confirm with . or Enter, or press ? or * to list all spells.
Casting: Frozen Ramparts (safe; 1% risk of failure)
Press: ? - help, Dir - look around, f - activate The walls around you are covered in ice.
The wall freezes the slime creature.
The slime creature hits you! The jelly hits you but does no damage.
The wall freezes ShellytheWitch's ghost but does no damage.
ShellytheWitch's ghost hits you!!
* * * LOW HITPOINT WARNING * * *
The wall freezes the jelly!
You kill the jelly!
The wall freezes the slime creature.
The slime creature hits you!
* * * LOW HITPOINT WARNING * * *
Unknown command.
Unknown command.
Your frozen ramparts will break if you move.
Continue?
Uppercase [Y]es or [N]o only, please.
Your frozen ramparts will break if you move.
Continue?
ShellytheWitch's ghost attacks as you move away!
ShellytheWitch's ghost hits you!
* * * LOW HITPOINT WARNING * * *
The slime creature attacks as you move away!
The slime creature hits you.
You die...
Your body crumbles into a pile of gold.

......# #####...... ......#
##......##.. .....P# #### ###
##.......#### .....P#
##...###.# #.......#.#
......#
#.....#..###........##
.....## ?)....'..##.........#
.....# _=....'...#.........#
.....## $....$WJJ...........#
...##.# #.....#@J...........#
.#...## ##...###............#
###..## #####..............##
#...#####.#.................#
###...##.......<...........##
#.#....######...........##
###..### #...........# #..#
#..........## ##.##
#..........#


You could see 2 slime creatures, a jelly and ShellytheWitch's ghost.

Vanquished Creatures
  Frances (Lair:2)
  An orc warlord (Orc:1)
  Azrael (D:13)
  A red draconian (Volcano)
  Snorg (Lair:5)
  The ghost of SirLogeyBear the Severer, a journeyman HOBe of Trog (D:10)
  A great orb of eyes (Lair:2)
  2 hydras
  2 centaur warriors
  6 catoblepae
  A ghost crab (Swamp:1)
  5 two-headed ogres
  A boulder beetle (D:12)
  A tengu warrior (D:13)
  13 death yaks
  2 orc high priests (Orc:2)
  A skyshark (Lair:2)
  A skeletal warrior (D:13)
  A salamander mystic (Volcano)
  2 bog bodies (Lair:2)
  Pikel (D:4)
  2 orc knights (Orc:2)
  A deep elf pyromancer (D:13)
  2 orc sorcerers
  3 salamanders (Volcano)
  5 manticores
  4 cyclopes
  4 ugly things
  A black mamba (Lair:5)
  11 elephants
  6 cane toads
  A torpor snail (Lair:3)
  A gargoyle (D:12)
  9 komodo dragons
  A kobold demonologist (D:12)
  2 efreet
  8 rime drakes
  Psyche (D:9)
  An ice devil (Gauntlet)
  14 trolls
  A queen bee (Gauntlet)
  A tyrant leech (Gauntlet)
  Grinder (D:5)
  11 blink frogs
  4 dream sheep (Lair:3)
  Sigmund (D:4)
  3 slime creatures (Lair:5)
  30 yaks
  2 wyverns
  A wraith (D:11)
  3 shadows
  2 fire elementals (D:13)
  3 basilisks
  2 neqoxecs (D:10)
  2 steam dragons (D:8)
  2 death yak simulacra (Lair:3)
  4 swamp worms (Gauntlet)
  3 hell hounds
  3 wargs (Orc:2)
  An acid dragon (D:10)
  Pargi (Sewer)
  11 water moccasins
  32 orc warriors
  A swamp drake (D:11)
  2 sky beasts
  3 ice beasts
  4 ogres
  5 wolves (Lair:3)
  10 centaurs
  A phantom (D:7)
  A lemure (D:4)
  4 kobold brigands
  15 bullfrogs
  A gnoll sergeant (D:9)
  A cane toad simulacrum (Lair:3)
  A scorpion (D:4)
  13 wights (D:8)
  An elephant simulacrum (Lair:3)
  6 killer bees
  3 electric eels (D:11)
  2 howler monkeys
  4 quasits (D:10)
  3 hounds
  6 jellies
  A gnoll bouda (D:6)
  4 orc priests
  A sleepcap (D:6)
  An iguana (D:7)
  Jessica (D:3)
  Natasha (twice) (D:4)
  13 orc wizards
  Robin (D:3)
  6 adders
  19 gnolls
  3 white imps (Gauntlet)
  4 ufetubi
  3 dart slugs
  61 orcs
  12 bats
  5 endoplasms
  4 giant cockroaches
  14 goblins
  9 hobgoblins
  3 jackals (D:2)
  7 quokkas
  5 ball pythons
  2 frilled lizards (D:2)
  23 kobolds
  6 rats
544 creatures vanquished.

Vanquished Creatures (others)
  A yak (Lair:3)
  A swamp worm (Swamp:1)
2 creatures vanquished.

Grand Total: 546 creatures vanquished

Notes
Turn   | Place    | Note
-------+----------+-------------------------------------------
     0 | D:1      | sweetbreads the Gargoyle Earth Elementalist began the quest
                  | for the Orb.
     0 | D:1      | Reached XP level 1. HP: 10/10 MP: 3/3
   239 | D:1      | Reached XP level 2. HP: 16/16 MP: 3/5
   278 | D:1      | Reached skill level 1 in Transmutations
   471 | D:1      | Reached skill level 4 in Earth Magic
   512 | D:1      | Found a faded altar of an unknown god.
   924 | D:3      | Reached XP level 3. HP: 20/20 MP: 3/6
   928 | D:3      | Learned a level 3 spell: Stone Arrow
  1211 | D:3      | Reached skill level 1 in Fighting
  1214 | D:3      | Found a glowing drain.
  1218 | Sewer    | Entered a sewer
  1327 | Sewer    | Noticed Pargi
  1448 | Sewer    | Killed Pargi
  1449 | Sewer    | Reached skill level 5 in Earth Magic
  1449 | Sewer    | Reached XP level 4. HP: 8/25 MP: 3/7
  1449 | Sewer    | Reached XP level 5. HP: 9/29 MP: 3/8
  1708 | D:3      | Learned a level 4 spell: Petrify
  1824 | D:3      | Noticed Jessica
  1827 | D:3      | Identified the +0 helmet "Amezuadu" {rElec rC+ Int-2 Dex+3}
  1827 | D:3      | Noticed Robin
  1828 | D:3      | Killed Jessica
  1852 | D:3      | Killed Robin
  2079 | D:3      | Identified the amulet of Daisies {RegenMP rN+}
  2426 | D:2      | Reached XP level 6. HP: 35/35 MP: 9/9
  3292 | D:4      | Identified the ring of the Sky {rC- rCorr Str+4}
  3336 | D:4      | Found an iron altar of Okawaru.
  3391 | D:4      | Noticed Pikel
  3570 | D:5      | Entered Level 5 of the Dungeon
  3711 | D:4      | Reached skill level 6 in Earth Magic
  3717 | D:4      | Noticed Natasha
  3725 | D:4      | Killed Natasha
  3746 | D:4      | Reached XP level 7. HP: 32/40 MP: 6/10
  3809 | D:4      | Noticed Sigmund
  4050 | D:5      | Reached skill level 1 in Conjurations
  4473 | D:5      | Reached skill level 7 in Earth Magic
  4746 | D:5      | Noticed Grinder
  4755 | D:5      | Paralysed by Grinder for 2 turns
  4766 | D:5      | Paralysed by Grinder for 3 turns
  4830 | D:6      | Reached XP level 8. HP: 46/46 MP: 9/11
  4946 | D:6      | Found Beys's Book Shoppe.
  5109 | D:6      | Identified the +4 quarterstaff of Charity {vamp, Fly rF+
                  | Int+2 Dex+3}
  5606 | D:7      | Found Vaopsen's Antique Weapon Shop.
  5618 | D:7      | Found a staircase to the Ecumenical Temple.
  5675 | Temple   | Entered the Ecumenical Temple
  6030 | Temple   | Became a worshipper of Gozag Ym Sagoz the Greedy
  6196 | D:7      | Reached skill level 8 in Earth Magic
  6481 | D:8      | Noticed a yak
  6481 | D:8      | Noticed a yak
  6481 | D:8      | Noticed a yak
  6481 | D:8      | Noticed a yak
  6492 | D:7      | Killed a yak
  6493 | D:7      | Reached XP level 9. HP: 31/52 MP: 13/15
  6643 | D:8      | Reached skill level 9 in Earth Magic
  6693 | D:8      | Found a hide-covered altar of Uskayaw.
  6778 | D:8      | Found a flagged portal.
  6795 | Bailey   | Entered a bailey
  6922 | Bailey   | Noticed an orc warlord
  6978 | Bailey   | Reached skill level 10 in Earth Magic
  7115 | Bailey   | Found a runed translucent gate.
  7119 | Bailey   | Found a runed translucent gate.
  7120 | Bailey   | Found a runed translucent gate.
  7507 | Bailey   | Identified the +11 shortbow of Decaying Cruel Justice
                  | {heavy, Int+8 Stlth-}
  7619 | D:8      | Reached skill level 1 in Staves
  7619 | D:8      | Reached skill level 1 in Armour
  7619 | D:8      | Reached XP level 10. HP: 45/58 MP: 14/16
  7622 | D:8      | Reached skill level 11 in Earth Magic
  7624 | D:8      | Reached skill level 1 in Ice Magic
  7744 | D:8      | Reached skill level 5 in Fighting
  7824 | D:8      | Reached skill level 5 in Conjurations
  7865 | D:8      | Found a staircase to the Lair.
  8147 | D:6      | Bought a book of Frost for 300 gold pieces
  8182 | D:7      | Bought a pitted mace for 208 gold pieces
  8182 | D:7      | Identified the +9 mace "Orb Guardian's Curse" {spect, rElec
                  | rCorr Int+3} (You bought it in a shop on level 7 of the
                  | Dungeon)
  8223 | Temple   | Reached skill level 5 in Armour
  8223 | Temple   | Reached skill level 5 in Dodging
  8223 | Temple   | Reached XP level 11. HP: 67/67 MP: 17/17
  8339 | D:5      | Killed Grinder
  8580 | D:4      | Killed Pikel
  8630 | D:4      | Noticed Natasha
  8641 | D:4      | Killed Natasha
  8688 | D:4      | Killed Sigmund
  9298 | D:9      | Found a sacrificial altar of Ru.
  9423 | D:9      | Reached skill level 12 in Earth Magic
  9520 | D:9      | Noticed Psyche
  9533 | D:9      | Killed Psyche
  9696 | D:9      | Reached skill level 5 in Ice Magic
  9987 | Lair:1   | Entered Level 1 of the Lair of Beasts
 10016 | Lair:1   | Found a dark tunnel.
 10032 | Volcano  | Entered a volcano
 10037 | Volcano  | Learned a level 3 spell: Frozen Ramparts
 10041 | Volcano  | Learned a level 3 spell: Hailstorm
 10043 | Volcano  | Learned a level 1 spell: Freeze
 10057 | Volcano  | Noticed a salamander mystic
 10058 | Volcano  | Noticed a salamander
 10058 | Volcano  | Noticed a salamander
 10064 | Volcano  | Killed a salamander mystic
 10070 | Volcano  | Killed a salamander
 10086 | Volcano  | Killed a salamander
 10340 | Volcano  | Noticed a salamander
 10351 | Volcano  | Killed a salamander
 10352 | Volcano  | Reached XP level 12. HP: 71/73 MP: 11/18
 10420 | Volcano  | Noticed a red draconian
 10437 | Volcano  | Killed a red draconian
 10580 | Lair:1   | Reached skill level 13 in Earth Magic
 10821 | Lair:1   | Noticed a death yak
 11019 | Lair:1   | Noticed a death yak
 11090 | Lair:1   | Noticed a death yak
 11092 | Lair:1   | Noticed a death yak
 11512 | Lair:2   | Found a runed translucent gate.
 11512 | Lair:2   | Found a runed translucent gate.
 11512 | Lair:2   | Found a runed translucent gate.
 11514 | Lair:2   | Noticed ShellytheWitch's ghost (journeyman MiBe)
 11515 | Lair:2   | Noticed a great orb of eyes
 11692 | Lair:2   | Noticed a skyshark
 12124 | Lair:1   | Reached skill level 14 in Earth Magic
 12254 | Lair:2   | Found a staircase to the Swamp.
 13188 | Lair:3   | Noticed an eight-headed hydra
 13210 | Lair:2   | Killed a skyshark
 13432 | Lair:2   | Reached XP level 13. HP: 54/78 MP: 10/19
 13510 | Lair:2   | Found a viscous altar of Jiyva.
 13564 | Lair:3   | Found a staircase to the Snake Pit.
 13578 | Lair:2   | Reached skill level 15 in Earth Magic
 14707 | Lair:3   | Reached skill level 5 in Spellcasting
 15134 | Lair:4   | Found a runed translucent gate.
 15134 | Lair:4   | Found a runed translucent gate.
 15134 | Lair:4   | Found a runed translucent gate.
 15199 | Lair:4   | Found a gate leading to a gauntlet.
 15224 | Gauntlet | Entered a Gauntlet
 15224 | Gauntlet | Found a transporter.
 15234 | Gauntlet | Found a transporter.
 15250 | Gauntlet | Found a transporter.
 15258 | Gauntlet | Found a transporter.
 15273 | Gauntlet | Found a transporter.
 15292 | Gauntlet | Found a transporter.
 15298 | Gauntlet | Noticed a great orb of eyes
 15304 | Gauntlet | Found a transporter.
 15316 | Gauntlet | Found a transporter.
 15325 | Gauntlet | Found a transporter.
 15339 | Gauntlet | Noticed an entropy weaver
 15340 | Gauntlet | Found a transporter.
 15357 | Gauntlet | Found a transporter.
 15376 | Gauntlet | Found a transporter.
 15378 | Gauntlet | Found a transporter.
 15433 | Gauntlet | Found a transporter.
 15435 | Gauntlet | Found a transporter.
 15437 | Gauntlet | Found a transporter.
 15530 | Gauntlet | Found a transporter.
 15535 | Gauntlet | Found a transporter.
 15682 | Gauntlet | Identified the ring of the Solstice {Fly rCorr Int+4}
 15733 | Gauntlet | Identified the +17 plate armour "Datoun" {rC+ Will- Str+2
                  | Int+2}
 15733 | Gauntlet | Noticed a minotaur
 16173 | Lair:4   | Identified the +0 scale mail "Imamask" {Dex+5 SInv}
 16229 | Lair:4   | Noticed Bananafolds's ghost (journeyman MfSk)
 16833 | Lair:5   | Entered Level 5 of the Lair of Beasts
 16836 | Lair:5   | Noticed Snorg
 17454 | Lair:5   | Found a staircase to the Slime Pits.
 17464 | Lair:5   | Killed Snorg
 17593 | Lair:5   | Gained mutation: Your large and strong wings let you fly.
                  | [Gargoyle growth]
 17593 | Lair:5   | Reached XP level 14. HP: 48/84 MP: 21/25
 17602 | Lair:5   | Reached skill level 16 in Earth Magic
 20418 | D:10     | Entered Level 10 of the Dungeon
 20424 | D:10     | Found a glowing golden altar of the Shining One.
 20505 | D:10     | Found Mudano's Assorted Antiques.
 20531 | D:10     | Bought a large jade ring for 145 gold pieces
 20624 | D:10     | Found a glowing silver altar of Zin.
 20626 | D:10     | Noticed an angel
 20635 | D:10     | Found a shimmering altar of Xom.
 20670 | D:10     | Found a transporter.
 20673 | D:10     | Noticed SirLogeyBear's ghost (journeyman HOBe)
 20877 | D:10     | Found a transporter.
 21202 | D:11     | Reached skill level 17 in Earth Magic
 21694 | D:11     | Found a staircase to the Orcish Mines.
 22249 | D:12     | Found a portal to a secret trove of treasure.
 22700 | Orc:1    | Entered Level 1 of the Orcish Mines
 22908 | Orc:1    | Found Lodipp's Antique Weapon Shop.
 22942 | Orc:1    | Noticed an orc warlord
 22954 | Orc:1    | Killed an orc warlord
 22956 | Orc:1    | Reached skill level 10 in Fighting
 23051 | Orc:1    | Found a runed translucent door.
 23054 | Orc:1    | Noticed Anwafrug's ghost (journeyman MiBe)
 23984 | D:10     | Killed SirLogeyBear's ghost
 24061 | D:12     | You are sucked into a shaft and drop 2 floors!
 24079 | D:14     | Reached XP level 15. HP: 80/92 MP: 22/27
 24087 | D:14     | Identified Roxanne's Elucidation of Sculpting
 24087 | D:14     | Noticed Roxanne
 24655 | D:12     | Reached skill level 10 in Ice Magic
 24775 | D:12     | Reached skill level 18 in Earth Magic
 24909 | D:12     | Got the Almanac of Ceraunoscopy
 25183 | Orc:2    | Entered Level 2 of the Orcish Mines
 25226 | Orc:2    | Found Ungawk's Book Emporium.
 25262 | Orc:2    | Bought Ozocubu's Autobiography for 264 gold pieces
 25262 | Orc:2    | Bought a book of Scorching for 330 gold pieces
 25266 | Orc:2    | Learned a level 3 spell: Ozocubu's Armour
 25445 | Orc:2    | Found Minkagoq's Antique Weapon Emporium.
 25489 | Orc:2    | Noticed an orc warlord
 25563 | Orc:2    | Found Firgh's Book Emporium.
 25650 | Orc:2    | Found Rooh's Antique Weapon Shop.
 25663 | Orc:2    | Bought a dazzling mace for 216 gold pieces
 25663 | Orc:2    | Identified the +9 mace of Emeisaich {freeze, rC++ Will+
                  | Str-3 SInv} (You bought it in a shop on level 2 of the
                  | Orcish Mines)
 25687 | Orc:2    | Found Bogawkuly's Book Shop.
 26275 | D:13     | Found a gate to the Vaults.
 26572 | D:13     | Noticed Azrael
 26589 | D:13     | Killed Azrael
 26970 | Swamp:1  | Entered Level 1 of the Swamp
 26970 | Swamp:1  | Noticed Frances
 26985 | Lair:2   | Killed Frances
 27093 | Lair:2   | HP: 3/93 [eleionoma (10)]
 27362 | Lair:2   | HP: 2/93 [ShellytheWitch's ghost (8)]
 27362 | Lair:2   | Slain by a slime creature

Illustrated notes

Levels and vault maps discovered:
D:1:      minmay_arrival_glassed_features, layout_basic,
          ebering_ecumenical_altar_rust, minmay_pentomino_x2
D:2:      layout_loops_cross
D:3:      layout_basic, gup_sewer_entry_spiral, uniq_jessica, uniq_robin
D:4:      layout_layer_cave, mainiacjoe_overflow_brackets, uniq_natasha,
          uniq_pikel, uniq_sigmund
D:5:      layout_gridville, uniq_grinder
D:6:      layout_basic, serial_shops, nicolae_book_shop_shelving
D:7:      layout_rooms, minmay_temple_entry_offerings, serial_shops,
          nicolae_shop_waterfront, grunt_decor_junction
D:8:      layout_gridville, nicolae_uskayaw_dance_hall, lair_entry_dummy,
          enter_bailey_2, minmay_alternating_orb
D:9:      layout_basic, nicolae_ru_the_path_less_chosen,
          minmay_misc_feat_diagonals, unseen_surprise_small, uniq_psyche
D:10:     layout_roguey, grunt_temple_overflow_order_and_chaos_1,
          tso_oasis_becter, serial_shops, shop, gammafunk_ghost_stat_death,
          roderic_roman_lattice
D:11:     layout_roguey, erik_orc_1, serial_bayou_lake_a
D:12:     layout_cave_pools, nicolae_trove_entry_free_sample
D:13:     layout_irregular_city, erik_vaults_1, uniq_azrael
D:14:     layout_small_grid, minmay_misc_feat_four_crosses, uniq_roxanne
Temple:   compressed_dpeg_triangle_lava_temple
Lair:1:   layout_gridlike, enter_volcano_3, cheibrodos_lair_caveside_slide,
          minmay_holes
Lair:2:   layout_cave_pods, skrybe_swamp_entry_bodies, gammafunk_ghost_ooze
Lair:3:   layout_small_grid, dummy_snake_entry,
          portal_ice_cave_entry_ice_simulacra, minmay_hedge_maze
Lair:4:   layout_loops_ring, gauntlet_entry_generic, gammafunk_ghost_icy,
          minmay_lair_drake_nest, grunt_megastairs_3
Lair:5:   evilmike_catoblepas_cave, layout_cave_shapes,
          minmay_slime_entry_pillars, uniq_snorg
Swamp:1:  nicolae_swamp_ascending_descending, layout_basic_swamp,
          evilmike_swamp_ruin_house_2, uniq_frances
Orc:1:    layout_caves, basic_altar, serial_shops, shop,
          hellmonk_ghost_happy_afterlife
Orc:2:    grunt_orc_gardens, layout_caves, grunt_orc_garden, grunt_orc_garden,
          grunt_orc_garden, grunt_orc_garden, serial_shops,
          nicolae_book_shop_shelving, nicolae_shop_statue_plus, shop, shop

Skill      XL: |  1  2  3  4  5  6  7  8  9 10 11 12 13 14 15 |
---------------+----------------------------------------------+-----
Transmutations | 1 2 3 4 |  4.0
Earth Magic    | 4 5 6 7 8 10 11 12 14 15 17 18 | 18.4
Fighting       | 1 2 3 4 7 8 10 | 10.6
Dodging        | 2 3 4 5 6 7 8 9 |  9.0
Stealth        | 3 4 |  4.0
Conjurations   | 1 3 4 7 8 9 |  9.0
Spellcasting   | 4 7 8 |  8.0
Staves         | 1 2 3 4 |  4.0
Armour         | 1 5 6 |  6.0
Ice Magic      | 4 5 7 8 9 10 | 10.5

Action                     |  1- 3 |  4- 6 |  7- 9 | 10-12 | 13-15 || total
---------------------------+-------+-------+-------+-------+-------++-------
  Melee: Unarmed           |     3 |       |       |       |       ||     3
         Whip              |    39 |    12 |       |       |       ||    51
         Punch             |     1 |       |       |       |       ||     1
         Dagger            |       |    22 |     6 |       |       ||    28
         Quarterstaff      |       |       |    24 |    18 |    46 ||    88
         Mace              |       |       |       |       |    11 ||    11
   Cast: Sandblast         |    60 |    85 |   217 |   272 |   648 ||  1282
         Frozen Ramparts   |       |       |       |    23 |    95 ||   118
         Hailstorm         |       |       |       |     6 |    16 ||    22
         Petrify           |       |       |       |     4 |       ||     4
         Freeze            |       |       |       |     6 |       ||     6
         Ozocubu's Armour  |       |       |       |       |     8 ||     8
         Stone Arrow       |       |       |       |       |     2 ||     2
  Evoke: Wand              |       |       |       |     2 |       ||     2
    Use: Scroll            |     8 |       |     8 |     7 |    18 ||    41
         Potion            |     4 |     1 |       |     4 |     2 ||    11
   Stab: Sleeping          |       |       |       |       |     1 ||     1
 Armour: Robe              |    65 |     8 |       |       |       ||    73
         Animal skin       |       |    34 |    75 |    11 |       ||   120
         Leather armour    |       |       |       |   122 |   395 ||   517
  Dodge: Dodged            |    93 |    50 |   114 |   199 |   510 ||   966
